 Dungeon Crawl Stone Soup version 0.30-a0-1158-gd85ba11b5a (webtiles) character file.

Game seed: 1913941598461415657

2 graymark the Chopper (level 1, -2/21 HPs)
             Began as a Naga Berserker on Apr 25, 2023.
             Was a Follower of Trog.
             Slain by an adder (3 damage)
             ... on level 2 of the Dungeon.
             The game lasted 00:01:08 (116 turns).

graymark the Chopper (Naga Berserker)                Turns: 116, Time: 00:01:09

Health: -2/21      AC:  1    Str: 19    XL:     1   Next: 40%
Magic:  1/1        EV:  9    Int:  7    God:    Trog [*.....]
Gold:   0          SH:  0    Dex: 10    Spells: 0/0 levels left

rFire   . . .        a - +0 hand axe
rCold   . . .        (no shield)
rNeg    . . .        b - +0 animal skin
rPois   +            (no helmet)
rElec   .            (no cloak)
rCorr   .            (no gloves)
SInv    +            (no barding)
Will    .....        (no amulet)
Stlth   +            (no ring)
HPRegen 0.23/turn    (no ring)
MPRegen 0.07/turn

%: no passive effects
@: very slow
A: AC +0, large, see invisible, deformed body, poison resistance, slowness 2,
spit poison 1, naga tail 1
a: Spit Poison, Renounce Religion, Berserk


You were on level 2 of the Dungeon.
You worshipped Trog.
Trog was aware of your devotion.
You visited 1 branch of the dungeon, and saw 2 of its levels.

Inventory:

Hand Weapons
 a - a +0 hand axe (weapon)
Armour
 b - a +0 animal skin (worn)
Scrolls
 d - a scroll of identify {unknown}
Potions
 c - a potion of curing {unknown}
 e - a potion of heal wounds {unknown}


   Skills:
 * Level 3.0 Fighting
 * Level 3.0 Axes
 * Level 1.6 Armour
 * Level 1.6 Dodging
 + Level 0.0 Stealth


You couldn't memorise any spells.
You didn't know any spells.
Your spell library was empty.

Dungeon Overview and Level Annotations

Branches:
Dungeon (1/15)

Altars:


Innate Abilities, Weirdness & Mutations

Your serpentine skin is tough. (AC +0)
You have supernaturally acute eyesight. (SInv)
Armour fits poorly on your strangely shaped body.
Your system is resistant to poisons. (rPois)
You cover ground very slowly.
You can spit poison.
You have a snake-like lower body.


Message History

The rat is heavily wounded.
The rat bites you.
You barely miss the rat.
The rat is heavily wounded.
The rat barely misses you.
You hit the rat.
You kill the rat!
Trog accepts your kill.
No target in view!
No target in view!
No target in view!
No target in view!
You see here a rat corpse.
Found 2 stones.
You see here 2 stones.
Found a shortbow.
An adder comes into view.
An adder is nearby!
The adder bites you but does no damage.
You barely miss the adder. The adder bites you. x2
You closely miss the adder. The adder closely misses you.
You miss the adder. The adder bites you.
You miss the adder. The adder bites you. x2
You are too injured to fight recklessly!
You are too injured to fight recklessly!
You closely miss the adder. The adder bites you.
You closely miss the adder. The adder completely misses you.
The adder barely misses you.
You slash the adder!
The adder is heavily wounded.
The adder bites you.
* * * LOW HITPOINT WARNING * * *
You hit the adder.
The adder is severely wounded.
The adder barely misses you. The adder bites you.
* * * LOW HITPOINT WARNING * * *
You closely miss the adder.
The adder is severely wounded.
The adder bites you.
You die...

..._..........>.....
#######..............
........#######.#####
##.###.†### #.# #
...#....#####.# #
#.............# ##
.###.##.####.#####.#
#. ........####.# #.#
#. ......S@..(..# #.#
#. ..)..#######.# #..
... ..... #.# #.####.
. #.# #.# ## ### #.#
#.#


You could see an adder.

Vanquished Creatures
  A ball python (D:1)
  2 rats (D:2)
3 creatures vanquished.

Notes
Turn   | Place    | Note
-------+----------+-------------------------------------------
     0 | D:1      | graymark the Naga Berserker began the quest for the Orb.
     0 | D:1      | Reached XP level 1. HP: 21/21 MP: 1/1
    42 | D:1      | You fall into a shaft and drop 1 floor!
    80 | D:2      | Found a faded altar of an unknown god.
   115 | D:2      | HP: 1/21 [adder (3)]
   116 | D:2      | Slain by an adder

Illustrated notes

Levels and vault maps discovered:
D:1:      heliophobic_arrival_battle_scene, layout_basic
D:2:      layout_basic, basic_ecumenical_altar, st_stairs_12

Action                     || total
---------------------------++-------
  Melee: Hand axe          ||    15
 Armour: Animal skin       ||     1
  Dodge: Dodged            ||     8

Table legend: (Time is in decaauts)
 A = Elapsed time spent in this place.
 B = Non-inter-level travel time spent in this place.
 C = Inter-level travel time spent in this place.
 D = Time resting spent in this place.
 E = Time spent auto-exploring this place.
 F = Levels seen in this place.
 G = Mean time per level.
                   A        B        C        D        E       F      G
               +--------+--------+--------+--------+--------+-----+--------+
         Total |    152 |    152 |      0 |      0 |    106 |   2 |   76.0 |
       Dungeon |    152 |    152 |      0 |      0 |    106 |   2 |   76.0 |
               +--------+--------+--------+--------+--------+-----+--------+

Top non-repeatable levels by time:
     D:2: 94 daAuts
     D:1: 58 daAuts
